Map: [TLMC15] Curious Minds

Players

Classic - Winner!

  • Race: Protoss Protoss

LiquidClem (Clem)

  • Race: Terran Terran

Event: StayAtHome Story Cup #4

VOD

Have the link to the VOD?

Description

Time

  • Played on: Oct. 22, 2021, 11:22 a.m.
  • Length: 10:56

All games in this series

Show
View Real Time Build Order
Export as new Build Order

Classic Protoss - Winner!

Build Orders: 1 Gate Expand, Oracle Opening 

Get SALT Encoding   

  12  0:00  Probe  
  13  0:12  Probe  
  14  0:17  Pylon  
  14  0:24  Probe (Chrono Boost)  
  15  0:37  Gateway, Probe (Chrono Boost)  
  16  0:44  Probe (Chrono Boost)  
  16  0:45  Assimilator  
  17  0:51  Probe  
  18  1:03  Probe  
  19  1:15  Probe  
  20  1:23  Nexus  
  20  1:32  Cybernetics Core  
  20  1:36  Probe  
  21  1:41  Assimilator  
  21  1:48  Probe  
  21  1:51  Pylon  
  22  2:00  Probe (Chrono Boost)  
  23  2:10  Adept  
  23  2:12  Probe (Chrono Boost)  
  26  2:16  Stargate  
  26  2:21  Probe (Chrono Boost)  
  27  2:26  Warp Gate  
  27  2:27  Probe (Chrono Boost)  
  28  2:35  Probe (Chrono Boost)  
  29  2:39  Probe (Chrono Boost)  
  29  2:40  Adept  
  33  2:44  Probe (Chrono Boost)  
  33  2:45  Probe (Chrono Boost)  
  33  2:49  Probe (Chrono Boost)  
  35  2:53  Probe  
  35  2:58  Oracle (Chrono Boost)  
  36  3:01  Probe  
  36  3:05  Probe  
  41  3:08  Pylon  
  41  3:14  Probe  
  41  3:17  Probe  
  43  3:26  Probe  
  44  3:29  Probe  
  44  3:34  Oracle (Chrono Boost)  
  47  3:38  Probe  
  46  3:41  Pylon, Probe  
  46  3:46  Gateway  
  47  3:49  Gateway  
  47  3:51  Probe  
  47  3:53  Probe  
  49  3:56  Assimilator  
  49  4:02  Phoenix (Chrono Boost)  
  49  4:03  Probe  
  49  4:05  Probe  
  49  4:09  Pylon  
  53  4:11  Assimilator  
  53  4:14  Stalker  
  53  4:16  Probe  
  56  4:17  Probe  
  54  4:26  Phoenix (Chrono Boost)  
  54  4:30  Shield Battery  
  56  4:35  Pylon  
  56  4:37  Stalker  
  58  4:42  Stalker  
  59  4:47  Stalker, Phoenix (Chrono Boost)  
  60  4:56  Nexus  
  60  5:04  Stalker  
  60  5:05  Stalker  
  64  5:13  Phoenix  
  60  5:22  Probe x2  
  60  5:29  Pylon  
  60  5:32  Twilight Council  
  60  5:33  Forge  
  60  5:34  Probe (Chrono Boost)  
  60  5:35  Probe (Chrono Boost)  
  62  5:40  Phoenix  
  64  5:47  Probe x2 (Chrono Boost)  
  66  5:51  Stalker x3  
  66  5:52  Probe (Chrono Boost)  
  66  5:53  Probe  
  74  5:58  Pylon  
  74  6:04  Probe  
  74  6:05  Probe  
  74  6:07  Charge (Chrono Boost)  
  74  6:08  Probe  
  74  6:10  Protoss Ground Armor Level 1 (Chrono Boost)  
  77  6:16  Probe  
  77  6:17  Probe  
  79  6:19  Gateway  
  79  6:20  Gateway  
  79  6:23  Gateway  
  79  6:25  Probe  
  80  6:28  Probe  
  80  6:29  Probe  
  82  6:33  Gateway  
  82  6:34  Gateway  
  82  6:39  Phoenix (Chrono Boost)  
  83  6:44  Probe  
  83  6:45  Probe x2  
  83  6:46  Sentry, Zealot  
  90  6:49  Zealot  
  90  6:52  Pylon  
  92  7:01  Templar Archives, Phoenix (Chrono Boost)  
  92  7:03  Pylon  
  92  7:05  Assimilator  
  94  7:13  Zealot x3  
  94  7:14  Zealot  
  94  7:15  Zealot  
  103  7:20  Zealot  
  101  7:23  Phoenix  
  102  7:30  Zealot  
  102  7:31  Zealot  
  102  7:35  Zealot x4  
  112  7:38  Zealot  
  114  7:48  Phoenix  
  110  7:56  Pylon  
  110  7:57  Pylon  
  110  8:03  Robotics Facility  
  108  8:07  Probe x3  
  108  8:08  Protoss Ground Armor Level 2 (Chrono Boost)  
  97  8:17  Zealot x8  
  105  8:20  Phoenix (Chrono Boost)  
  105  8:30  Assimilator  
  103  8:39  High Templar  
  103  8:40  High Templar, Zealot x5  
  117  8:42  Zealot, Phoenix (Chrono Boost)  
  117  8:47  Pylon  
  117  8:48  Archon  
  121  8:50  Observer (Chrono Boost)  
  122  9:00  Nexus, Phoenix  
  124  9:03  Warp Prism (Chrono Boost)  
  126  9:11  High Templar x2  
  126  9:12  Sentry, Zealot  
  126  9:15  Archon  
  134  9:17  Zealot x2  
  134  9:21  Pylon  
  138  9:28  Phoenix  
  140  9:34  Pylon  
  140  9:36  Pylon  
  140  9:37  Pylon  
  139  9:40  High Templar x2  
  139  9:41  Zealot x2  
  139  9:45  Archon  
  147  9:50  Pylon  
  147  9:53  Zealot x4  
  147  9:57  Observer  
  156  10:00  Pylon  
  156  10:02  High Templar  
  156  10:03  High Templar  
  160  10:08  Archon  
  160  10:14  Zealot x5  
  160  10:15  Zealot  
  128  10:38  Zealot x8  
Show
View Real Time Build Order
Export as new Build Order

LiquidClem Terran 

Build Orders:  

Get SALT Encoding   

  12  0:00  SCV  
  13  0:12  SCV  
  14  0:17  Supply Depot  
  14  0:24  SCV  
  15  0:38  SCV  
  15  0:40  Barracks  
  16  0:43  Refinery  
  16  0:50  SCV  
  17  1:02  SCV  
  18  1:15  SCV  
  19  1:27  Orbital Command  
  19  1:29  Barracks Reactor  
  19  1:43  Command Center  
  19  1:50  Supply Depot  
  19  1:53  SCV  
  20  2:05  Reaper  
  20  2:06  SCV  
  20  2:07  Marine  
  23  2:18  SCV  
  23  2:20  Factory  
  24  2:25  Marine  
  24  2:26  Refinery  
  25  2:30  SCV  
  26  2:37  Marine  
  26  2:42  SCV, Marine  
  29  2:55  SCV  
  29  2:57  Marine  
  31  2:59  Orbital Command  
  31  3:00  Marine  
  31  3:04  Factory Tech Lab  
  32  3:07  Starport  
  32  3:12  SCV  
  33  3:15  Marine  
  33  3:24  SCV  
  33  3:26  SCV  
  33  3:31  Cyclone  
  36  3:34  Marine  
  36  3:35  Marine  
  36  3:36  SCV  
  36  3:37  Supply Depot  
  38  3:43  SCV  
  39  3:49  SCV  
  39  3:52  Marine x2  
  42  3:56  SCV  
  42  4:02  SCV  
  43  4:03  Cyclone  
  43  4:07  Medivac  
  43  4:09  SCV  
  48  4:11  Barracks  
  48  4:13  Supply Depot  
  48  4:14  Marine  
  49  4:18  SCV  
  49  4:23  Barracks  
  50  4:24  SCV  
  50  4:30  SCV, Marine  
  53  4:32  Marine  
  53  4:36  SCV  
  53  4:38  Cyclone  
  58  4:42  SCV  
  57  4:46  Supply Depot  
  57  4:48  Marine  
  57  4:49  SCV  
  57  4:50  Marine  
  60  4:54  SCV  
  60  4:56  Engineering Bay  
  60  4:59  Starport Reactor  
  61  5:01  SCV  
  62  5:07  SCV, Marine  
  62  5:08  Marine  
  62  5:10  Refinery  
  62  5:13  SCV  
  62  5:14  Marine  
  62  5:20  SCV  
  59  5:24  Stimpack, Marauder  
  59  5:25  SCV, Marine  
  59  5:26  Factory Tech Lab, Terran Infantry Weapons Level 1  
  58  5:30  Marine  
  58  5:32  SCV  
  59  5:37  SCV  
  59  5:38  Refinery  
  59  5:40  Supply Depot  
  59  5:41  Barracks Tech Lab  
  60  5:43  Marine  
  60  5:44  SCV  
  60  5:46  Marauder  
  60  5:48  Marine, Siege Tank  
  60  5:49  SCV  
  69  5:56  SCV  
  70  6:01  Supply Depot, Marine, Medivac  
  70  6:03  Marauder  
  70  6:04  Supply Depot  
  75  6:06  Marine, Medivac  
  78  6:20  Supply Depot  
  78  6:23  SCV x2, Marauder, Siege Tank  
  78  6:24  Supply Depot  
  78  6:25  Marine x2  
  86  6:27  Marauder  
  89  6:39  Medivac x2  
  91  6:43  Marine x2  
  91  6:46  Marauder  
  88  6:49  Command Center  
  88  6:52  Marauder  
  90  7:00  SCV x2, Marine  
  90  7:01  Marine  
  94  7:02  Siege Tank  
  97  7:10  Barracks  
  97  7:11  Barracks  
  97  7:12  Marauder  
  101  7:15  Marauder  
  101  7:18  SCV  
  101  7:20  Marine  
  101  7:21  Marine  
  103  7:27  Terran Infantry Armor Level 1  
  103  7:28  Supply Depot  
  103  7:29  SCV  
  104  7:33  Marauder  
  104  7:36  Siege Tank  
  108  7:38  Marine x2  
  110  7:47  SCV, Marauder  
  106  7:53  Medivac x2  
  106  7:54  SCV, Marauder  
  110  7:59  Supply Depot, SCV  
  110  8:02  Orbital Command  
  110  8:04  Barracks Tech Lab  
  110  8:05  Barracks Reactor  
  111  8:06  SCV  
  111  8:11  SCV, Marauder  
  102  8:17  Siege Tank  
  102  8:18  Orbital Command  
  101  8:21  Combat Shield  
  101  8:22  Concussive Shells  
  101  8:25  Marauder  
  103  8:28  Marine x2  
  103  8:32  Missile Turret  
  103  8:34  Missile Turret  
  105  8:35  SCV  
  105  8:37  SCV  
  105  8:38  Marine  
  105  8:39  Marine  
  109  8:41  Marine  
  109  8:43  SCV  
  109  8:48  Marine x3  
  114  8:50  Marine  
  114  8:53  Siege Tank  
  114  8:54  SCV  
  119  8:56  SCV  
  119  8:59  Supply Depot  
  119  9:00  SCV  
  119  9:02  Marine  
  124  9:03  Marauder  
  124  9:04  Marauder  
  124  9:08  Marine x2  
  124  9:09  Marine  
  129  9:10  Supply Depot  
  129  9:11  SCV  
  129  9:12  SCV x2  
  129  9:16  Marauder  
  134  9:19  Armory  
  134  9:22  Marine  
  134  9:23  SCV, Engineering Bay  
  136  9:24  Marauder  
  136  9:25  Marauder  
  136  9:28  Marine x2  
  136  9:30  Supply Depot  
  142  9:34  Marine, Siege Tank  
  145  9:39  Refinery, Marauder  
  145  9:42  Marine  
  148  9:45  Marine  
  148  9:46  Supply Depot, Marauder  
  148  9:47  Marauder  
  148  9:52  Ghost Academy  
  153  9:53  Marine x2  
  153  9:54  Refinery  
  155  10:01  Supply Depot, Marine  
  155  10:03  Marauder, Marine  
  155  10:07  Bunker, Starport Reactor, Marauder  
  159  10:10  Marine  
  159  10:14  Bunker  
  162  10:20  Marine x2  
  164  10:22  SCV x3  
  164  10:25  Supply Depot  
  164  10:27  Marine x2, Marauder  
  164  10:29  Marine x2  
  164  10:34  SCV  
  128  10:38  Marine  
  128  10:41  SCV  
Tags
 
Add a new tag
Caveats
  • Supply blocks, unpowered buildings, or Contaminate may cause inaccurate times.
  • Supply counts are checked every 10 seconds.